TOP OF THE 1ST |
Cleveland (AZL) Guardians batting - Pitching for Los Angeles N (AZL) Dodgers : RHP Jose Ramirez
|
Pitching: RHP Jose Ramirez
|
|
Batting: RHB Israel Bonilla
|
0-0: Ball 1-0: Foul Ball, location: 5F 1-1: Ball 2-1: Ball 3-1: Ground out 1-3 (Groundball, 23, EV 64.4 MPH)
|
Batting: LHB Jake Krause
|
0-0: Foul Ball, location: 2F 0-1: Swinging Strike 0-2: Strikes out swinging
|
Batting: RHB Luis Ramos
|
0-0: Foul Ball, location: 5SF 0-1: Foul Ball, location: 25FF 0-2: Ball 1-2: Ball 2-2: Ball 3-2: Foul Ball, location: 2F 3-2: DOUBLE (Flyball, 78D, EV 98.8 MPH)
|
Batting: SHB Phil Sproston
|
0-0: Ball 1-0: Ball 2-0: Foul Ball, location: 2F 2-1: Foul Ball, location: 2F 2-2: Strikes out looking
|
Top of the 1st over - 0 runs, 1 hit, 0 errors, 1 left on base; Cleveland (AZL) 0 - Los Angeles N (AZL) 0 |
BOTTOM OF THE 1ST |
Los Angeles N (AZL) Dodgers batting - Pitching for Cleveland (AZL) Guardians : RHP Bryan Harmon
|
Pitching: RHP Bryan Harmon
|
|
Batting: RHB Andy Echavarria
|
0-0: Ball 1-0: Ball 2-0: Ball 3-0: Called Strike 3-1: DOUBLE (Groundball, 5L, EV 106.9 MPH)
|
Batting: RHB Dan Willison
|
0-0: Called Strike 0-1: Foul Ball, location: 9LSF 0-2: Strikes out looking
|
Batting: RHB Jarrod Lahti
|
0-0: Ball 1-0: Foul Ball, location: 3FF 1-1: Ball 2-1: Foul Ball, location: 9LMF 2-2: Ball 3-2: Ground out 5-3 (Groundball, 56, EV 79.4 MPH)
|
Batting: LHB Tyler Swan
|
0-0: Fly out, F9 (Line Drive, 9, EV 90.0 MPH)
|
Bottom of the 1st over - 0 runs, 1 hit, 0 errors, 1 left on base; Cleveland (AZL) 0 - Los Angeles N (AZL) 0 |
TOP OF THE 2ND |
Cleveland (AZL) Guardians batting - Pitching for Los Angeles N (AZL) Dodgers : RHP Jose Ramirez
|
Batting: RHB Pat Jake
|
0-0: SINGLE (Line Drive, 7S, EV 104.4 MPH)
|
Batting: RHB Chris Cole
|
0-0: Foul Ball, location: 2F 0-1: Called Strike 0-2: Ball 1-2: Strikes out swinging
|
Batting: RHB Josh Rautmann
|
0-0: Called Strike 0-1: Grounds into double play, 6-4-3 (Groundball, 6, EV 84.4 MPH)
|
Top of the 2nd over - 0 runs, 1 hit, 0 errors, 0 left on base; Cleveland (AZL) 0 - Los Angeles N (AZL) 0 |
BOTTOM OF THE 2ND |
Los Angeles N (AZL) Dodgers batting - Pitching for Cleveland (AZL) Guardians : RHP Bryan Harmon
|
Batting: SHB Mike Ward
|
0-0: Foul Ball, location: 2F 0-1: SINGLE (Groundball, 4MD, EV 96.3 MPH)
|
Batting: RHB Nate Hawkins
|
0-0: Sac Bunt to 23 - play at first, batter OUT! 3-4 Mike Ward to second
|
Batting: RHB Bobby Prescott
|
0-0: Ball 1-0: Ball 2-0: Called Strike 2-1: Foul Ball, location: 3DF 2-2: Foul Ball, location: 9LMF 2-2: Foul Ball, location: 2F 2-2: Strikes out swinging
|
Batting: RHB Sean Spikes
|
0-0: Ball 1-0: Swinging Strike Passed Ball! Mike Ward to third 1-1: Called Strike 1-2: Strikes out looking
|
Bottom of the 2nd over - 0 runs, 1 hit, 0 errors, 1 left on base; Cleveland (AZL) 0 - Los Angeles N (AZL) 0 |
TOP OF THE 3RD |
Cleveland (AZL) Guardians batting - Pitching for Los Angeles N (AZL) Dodgers : RHP Jose Ramirez
|
Batting: RHB Edwin BaltrAn
|
0-0: Fly out, F8 (Line Drive, 8LM, EV 98.8 MPH)
|
Batting: RHB Lee Lundgren
|
0-0: Called Strike 0-1: Ball 1-1: Foul Ball, location: 5FF 1-2: Foul Ball, location: 3DF 1-2: Strikes out swinging
|
Batting: RHB Israel Bonilla
|
0-0: Ball 1-0: Ball 2-0: Ball 3-0: Called Strike 3-1: Ground out 5-3 (Groundball, 56, EV 83.1 MPH)
|
Top of the 3rd over - 0 runs, 0 hits, 0 errors, 0 left on base; Cleveland (AZL) 0 - Los Angeles N (AZL) 0 |
BOTTOM OF THE 3RD |
Los Angeles N (AZL) Dodgers batting - Pitching for Cleveland (AZL) Guardians : RHP Bryan Harmon
|
Batting: RHB David Medina
|
0-0: Called Strike 0-1: SINGLE (Line Drive, 34, EV 97.5 MPH)
|
Batting: RHB Andy Echavarria
|
0-0: DOUBLE (Line Drive, 89D, EV 105.6 MPH) David Medina to third
|
Batting: RHB Dan Willison
|
0-0: Called Strike 0-1: Called Strike 0-2: Foul Ball, location: 9LMF 0-2: Strikes out swinging
|
Batting: RHB Jarrod Lahti
|
0-0: Foul Ball, location: 2F 0-1: Called Strike 0-2: Strikes out swinging
|
Batting: LHB Tyler Swan
|
0-0: Ball 1-0: Ground out 4-3 (Groundball, 4, EV 86.9 MPH)
|
Bottom of the 3rd over - 0 runs, 2 hits, 0 errors, 2 left on base; Cleveland (AZL) 0 - Los Angeles N (AZL) 0 |
TOP OF THE 4TH |
Cleveland (AZL) Guardians batting - Pitching for Los Angeles N (AZL) Dodgers : RHP Jose Ramirez
|
Batting: LHB Jake Krause
|
0-0: Ball 1-0: Ball 2-0: Called Strike 2-1: Ball 3-1: Base on Balls
|
Batting: RHB Luis Ramos
|
0-0: Foul Ball, location: 5F 0-1: Fly out, F7 (Flyball, 7, EV 95.6 MPH)
|
Batting: SHB Phil Sproston
|
0-0: Called Strike 0-1: Foul Ball, location: 5SF 0-2: Fly out, F9 (Flyball, 89M, EV 97.5 MPH)
|
Batting: RHB Pat Jake
|
0-0: Called Strike 0-1: Foul Ball, location: 5FF 0-2: Strikes out swinging
|
Top of the 4th over - 0 runs, 0 hits, 0 errors, 1 left on base; Cleveland (AZL) 0 - Los Angeles N (AZL) 0 |
BOTTOM OF THE 4TH |
Los Angeles N (AZL) Dodgers batting - Pitching for Cleveland (AZL) Guardians : RHP Bryan Harmon
|
Batting: SHB Mike Ward
|
0-0: DOUBLE (Line Drive, 9LM, EV 108.1 MPH)
|
Batting: RHB Nate Hawkins
|
0-0: Called Strike 0-1: Ball 1-1: Ball 2-1: Fly out, F5 (Line Drive, 56, EV 69.4 MPH)
|
Batting: RHB Bobby Prescott
|
0-0: Ball 1-0: Called Strike 1-1: Foul Ball, location: 2F 1-2: SINGLE (Groundball, 6D, EV 97.5 MPH) Mike Ward to third
|
Batting: RHB Sean Spikes
|
0-0: Ball 1-0: Ball 2-0: Ball 3-0: Base on Balls Bobby Prescott to second
|
Batting: RHB David Medina
|
0-0: Swinging Strike 0-1: Swinging Strike 0-2: Strikes out swinging
|
Batting: RHB Andy Echavarria
|
0-0: Ball 1-0: Fly out, F8 (Flyball, 78M, EV 86.9 MPH)
|
Bottom of the 4th over - 0 runs, 2 hits, 0 errors, 3 left on base; Cleveland (AZL) 0 - Los Angeles N (AZL) 0 |
TOP OF THE 5TH |
Cleveland (AZL) Guardians batting - Pitching for Los Angeles N (AZL) Dodgers : RHP Jose Ramirez
|
Batting: RHB Chris Cole
|
0-0: Called Strike 0-1: Ball 1-1: Swinging Strike 1-2: Strikes out looking
|
Batting: RHB Josh Rautmann
|
0-0: Ball 1-0: Ball 2-0: DOUBLE (Line Drive, 89XD, EV 110.6 MPH)
|
Batting: RHB Edwin BaltrAn
|
0-0: Ground out 5-3 (Groundball, 56, EV 101.9 MPH) Josh Rautmann to third
|
Batting: RHB Lee Lundgren
|
0-0: Called Strike 0-1: Ground out 6-3 (Groundball, 6D, EV 98.8 MPH)
|
Top of the 5th over - 0 runs, 1 hit, 0 errors, 1 left on base; Cleveland (AZL) 0 - Los Angeles N (AZL) 0 |
BOTTOM OF THE 5TH |
Los Angeles N (AZL) Dodgers batting - Pitching for Cleveland (AZL) Guardians : RHP Bryan Harmon
|
Batting: RHB Dan Willison
|
0-0: Ball 1-0: Called Strike 1-1: Ball 2-1: Foul Ball, location: 3F 2-2: Fly out, F8 (Flyball, 8LD, EV 91.9 MPH)
|
Batting: RHB Jarrod Lahti
|
0-0: Ball 1-0: Ball 2-0: Swinging Strike 2-1: Fly out, F6 (Line Drive, 6, EV 64.4 MPH)
|
Batting: LHB Tyler Swan
|
0-0: Foul Ball, location: 2F 0-1: Foul Ball, location: 2F 0-2: Fly out, F9 (Flyball, 9, EV 78.1 MPH)
|
Bottom of the 5th over - 0 runs, 0 hits, 0 errors, 0 left on base; Cleveland (AZL) 0 - Los Angeles N (AZL) 0 |
TOP OF THE 6TH |
Cleveland (AZL) Guardians batting - Pitching for Los Angeles N (AZL) Dodgers : RHP Jose Ramirez
|
Batting: RHB Israel Bonilla
|
0-0: Fly out, F9 (Flyball, 89M, EV 86.9 MPH)
|
Batting: LHB Jake Krause
|
0-0: Called Strike 0-1: Foul Ball, location: 3DF 0-2: Ball 1-2: Ball 2-2: SINGLE (Groundball, 4MD, EV 97.5 MPH)
|
Batting: RHB Luis Ramos
|
0-0: Called Strike Jake Krause steals 2nd base 0-1: Called Strike 0-2: Fly out, F5 (Popup, 5S, EV 80.6 MPH)
|
Batting: SHB Phil Sproston
|
0-0: Ground out 4-3 (Groundball, 4, EV 99.4 MPH)
|
Top of the 6th over - 0 runs, 1 hit, 0 errors, 1 left on base; Cleveland (AZL) 0 - Los Angeles N (AZL) 0 |
BOTTOM OF THE 6TH |
Los Angeles N (AZL) Dodgers batting - Pitching for Cleveland (AZL) Guardians : RHP Bryan Harmon
|
Batting: SHB Mike Ward
|
0-0: Ground out 6-3 (Groundball, 6MD, EV 95.0 MPH)
|
Batting: RHB Nate Hawkins
|
0-0: SINGLE (Line Drive, 4D, EV 108.1 MPH)
|
Batting: RHB Bobby Prescott
|
0-0: Swinging Strike 0-1: SINGLE (Groundball, 34, EV 86.9 MPH) (infield hit) Nate Hawkins to second
|
Batting: RHB Sean Spikes
|
0-0: Fly out, F9 (Flyball, 89S, EV 93.1 MPH)
|
Batting: RHB David Medina
|
0-0: SINGLE (Line Drive, 6D, EV 96.3 MPH) Nate Hawkins to third Bobby Prescott to second
|
Batting: RHB Andy Echavarria
|
0-0: Ball 1-0: Ball 2-0: Called Strike 2-1: Fly out, F8 (Line Drive, 8RM, EV 97.5 MPH)
|
Bottom of the 6th over - 0 runs, 3 hits, 0 errors, 3 left on base; Cleveland (AZL) 0 - Los Angeles N (AZL) 0 |
TOP OF THE 7TH |
Cleveland (AZL) Guardians batting - Pitching for Los Angeles N (AZL) Dodgers : RHP Jose Ramirez
|
Batting: RHB Pat Jake
|
0-0: Foul Ball, location: 9LDF 0-1: Ball 1-1: Ball 2-1: Ground out 4-3 (Groundball, 4, EV 85.0 MPH)
|
Batting: RHB Chris Cole
|
0-0: Ball 1-0: Ball 2-0: Swinging Strike 2-1: Foul Ball, location: 9LMF 2-2: Fly out, F8 (Line Drive, 8RS, EV 98.1 MPH)
|
Batting: RHB Josh Rautmann
|
0-0: DOUBLE (Line Drive, 9LM, EV 108.8 MPH)
|
Batting: RHB Edwin BaltrAn
|
0-0: Swinging Strike 0-1: Ball 1-1: Called Strike 1-2: Strikes out swinging
|
Top of the 7th over - 0 runs, 1 hit, 0 errors, 1 left on base; Cleveland (AZL) 0 - Los Angeles N (AZL) 0 |
BOTTOM OF THE 7TH |
Los Angeles N (AZL) Dodgers batting - Pitching for Cleveland (AZL) Guardians : RHP Bryan Harmon
|
Pitching: RHP J.P. O'Kelley
|
|
Pinch Hitting: SHB Andy Sanchez
|
0-0: Called Strike 0-1: Ball 1-1: Ball 2-1: Ball 3-1: Base on Balls
|
Batting: RHB Jarrod Lahti
|
0-0: Called Strike 0-1: Fly out, F7 (Flyball, 7, EV 89.4 MPH)
|
Batting: LHB Tyler Swan
|
0-0: Ball 1-0: Foul Ball, location: 23FF 1-1: Called Strike 1-2: Ball 2-2: Foul Ball, location: 7LSF 2-2: Ball 3-2: Fly out, F7 (Flyball, 7, EV 95.0 MPH)
|
Batting: SHB Mike Ward
|
0-0: Foul Ball, location: 3DF 0-1: Ball 1-1: Swinging Strike 1-2: Foul Ball, location: 5FF 1-2: 2-RUN HOME RUN (Flyball, 8RXD, EV 112.5 MPH), Distance : 428 ft
|
Batting: RHB Nate Hawkins
|
0-0: Swinging Strike 0-1: Fly out, F8 (Flyball, 8LD, EV 91.3 MPH)
|
Bottom of the 7th over - 2 runs, 1 hit, 0 errors, 0 left on base; Cleveland (AZL) 0 - Los Angeles N (AZL) 2 |
TOP OF THE 8TH |
Cleveland (AZL) Guardians batting - Pitching for Los Angeles N (AZL) Dodgers : RHP Jose Ramirez
|
Now at SS: Bobby Hernandez
|
|
Batting: RHB Lee Lundgren
|
0-0: Ground out 4-3 (Groundball, 4S, EV 61.3 MPH)
|
Batting: RHB Israel Bonilla
|
0-0: Ball 1-0: Fly out, F9 (Flyball, 9D, EV 91.9 MPH)
|
Batting: LHB Jake Krause
|
0-0: SINGLE (Line Drive, 7LS, EV 101.3 MPH)
|
Batting: RHB Luis Ramos
|
0-0: Ball 1-0: Ball 2-0: Called Strike 2-1: Ball 3-1: SINGLE (Groundball, 6MD, EV 106.9 MPH) Jake Krause to second
|
Pinch Hitting: RHB Merrik Bray
|
0-0: Called Strike 0-1: Ball 1-1: Swinging Strike 1-2: Fielders Choice at 2nd, 6-4 (Groundball, 6, EV 105.6 MPH)
|
Top of the 8th over - 0 runs, 2 hits, 0 errors, 2 left on base; Cleveland (AZL) 0 - Los Angeles N (AZL) 2 |
BOTTOM OF THE 8TH |
Los Angeles N (AZL) Dodgers batting - Pitching for Cleveland (AZL) Guardians : RHP J.P. O'Kelley
|
Now in CF: Matt Reimers
|
|
Batting: LHB Kai Robinson
|
0-0: Foul Ball, location: 3FF 0-1: Ball 1-1: Ball 2-1: Foul Ball, location: 9LMF 2-2: Fly out, F8 (Line Drive, 8RS, EV 88.1 MPH)
|
Batting: RHB Sean Spikes
|
0-0: Ball 1-0: Fly out, F7 (Flyball, 7, EV 83.8 MPH)
|
Batting: RHB David Medina
|
0-0: Swinging Strike 0-1: Ball 1-1: DOUBLE (Flyball, 78D, EV 103.1 MPH)
|
Batting: RHB Andy Echavarria
|
0-0: Called Strike 0-1: Ground out 5-3 (Groundball, 5, EV 93.8 MPH)
|
Bottom of the 8th over - 0 runs, 1 hit, 0 errors, 1 left on base; Cleveland (AZL) 0 - Los Angeles N (AZL) 2 |
TOP OF THE 9TH |
Cleveland (AZL) Guardians batting - Pitching for Los Angeles N (AZL) Dodgers : RHP Jose Ramirez
|
Batting: RHB Pat Jake
|
0-0: Ball 1-0: Called Strike 1-1: Foul Ball, location: 9LMF 1-2: Foul Ball, location: 9LMF 1-2: Ground out 4-3 (Groundball, 4S, EV 67.5 MPH)
|
Pinch Hitting: LHB Leo Boucher
|
0-0: Called Strike 0-1: Swinging Strike 0-2: Foul Ball, location: 2F 0-2: Fly out, F8 (Flyball, 8RM, EV 96.9 MPH)
|
Pinch Hitting: RHB Jim Alexander
|
0-0: Called Strike 0-1: Foul Ball, location: 25F 0-2: Ball 1-2: Ball 2-2: Foul Ball, location: 2F 2-2: Strikes out swinging
|
Top of the 9th over - 0 runs, 0 hits, 0 errors, 0 left on base; Cleveland (AZL) 0 - Los Angeles N (AZL) 2 |
|